 Dungeon Crawl Stone Soup version 0.32-a0-918-g0f22ef8d61 (webtiles) character file.

Game seed: 11207067645183874795

159 AdnanSaban the Shield-Bearer (level 5, 0/33 HPs)
             Began as a Gargoyle Fighter on Apr 11, 2024.
             Incinerated by a bombardier beetle (4 damage)
             ... with a burning spray
             ... on level 3 of the Dungeon.
             The game lasted 00:02:52 (1810 turns).

AdnanSaban the Shield-Bearer (Gargoyle Fighter)     Turns: 1810, Time: 00:02:52

Health: 0/33       AC: 11    Str: 21    XL:     5   Next: 40%
Magic:  5/5        EV:  8    Int:  9    God:
Gold:   142        SH:  4    Dex:  9    Spells: 4/4 levels left

rFire   . . .        a - +0 flail
rCold   . . .        c - +0 buckler
rNeg    + . .        b - +0 scale mail
rPois   ∞            (no helmet)
rElec   +            (no cloak)
rCorr   .            (no gloves)
SInv    .            (no boots)
Will    .....        (no amulet) Stlth
                     (no ring)
HPRegen 0.25/turn    (no ring)
MPRegen 0.09/turn

%: no passive effects
@: on fire, glowing
A: sickness immunity, AC +4, negative energy resistance 1, electricity
resistance, torment resistance 1, petrification resistance
a: no special abilities


You were on level 3 of the Dungeon.
You visited 1 branch of the dungeon, and saw 3 of its levels.

You collected 142 gold pieces.

Inventory:

Hand Weapons
 a - a +0 flail (weapon)
Missiles
 g - 5 javelins (quivered)
Armour
 b - a +0 scale mail (worn)
 c - a +0 buckler (worn)
Jewellery
 m - an amulet of faith
 n - a +6 ring of intelligence
Scrolls
 e - 2 scrolls of enchant weapon {unknown}
 f - a scroll of fear {unknown}
 i - a scroll of noise {unknown}
 k - a scroll of fog {unknown}
 l - a scroll of identify {unknown}
 o - a scroll of amnesia {unknown}
 s - a scroll of teleportation {unknown}
 t - a scroll of blinking {unknown}
Potions
 d - a potion of might
 h - a potion of curing {unknown}
 j - a potion of brilliance {unknown}
 p - a potion of heal wounds {unknown}
 q - a potion of berserk rage {unknown}
 r - a potion of mutation {unknown}


   Skills:
 + Level 3.7 Fighting
 + Level 3.7 Maces & Flails
 + Level 3.9 Armour
 + Level 1.4 Dodging
 + Level 0.3 Stealth
 + Level 3.9 Shields


You had 4 spell levels left.
You didn't know any spells.
Your spell library contained the following spells:

 Spells                   Type           Power      Damage    Failure   Level
 Blink                    Tloc           0%         N/A       89%         2
 Lesser Beckoning         Tloc           0%         N/A       89%         2
 Momentum Strike          Conj/Tloc      0%         3d8       89%         2
 Dispel Undead            Necr           0%         3d6       100%        4
 Leda's Liquefaction      Alch/Erth      0%         N/A       100%        4
 Martyr's Knell           Necr/Summ      0%         N/A       100%        4
 Lee's Rapid Deconstruct  Erth           0%         3d4*      100%        5
 Permafrost Eruption      Ice/Erth       0%         2x4d1     100%        6
 Cigotuvi's Dreadful Rot  Necr/Alch/Air  Unusable   N/A       N/A         2

Dungeon Overview and Level Annotations

Branches:
Dungeon (3/15)

Altars:

Annotations:
D:3 1 runed translucent door, ongoing's ghost, weakling DEFE


Innate Abilities, Weirdness & Mutations

You are immune to sickness and miasma.
Your stone body is resilient. (AC +4)
You are immune to poison.
You resist negative energy. (rN+)
You are resistant to electric shocks. (rElec)
You are resistant to unholy torment.
You are immune to petrification.


Message History

The burning spray misses you.
The bombardier beetle barely misses you.
You hit the bombardier beetle but do no damage.
You barely miss the bombardier beetle.
The bombardier beetle closely misses you.
You hit the bombardier beetle.
The bombardier beetle is lightly wounded.
The bombardier beetle bites you but does no damage.
You hit the bombardier beetle.
The bombardier beetle is moderately wounded.
You hit the bombardier beetle.
The bombardier beetle is heavily wounded.
The bombardier beetle sprays incendiary fluid at you.
The burning spray hits you.
You are covered in liquid fire!
You hit the bombardier beetle.
The bombardier beetle is severely wounded.
The liquid fire burns you!
The bombardier beetle sprays incendiary fluid at you.
The burning spray hits you.
You are even more covered in liquid fire!
You barely miss the bombardier beetle.
The bombardier beetle is severely wounded.
The liquid fire burns you!
The bombardier beetle bites you but does no damage.
You hit the bombardier beetle.
The bombardier beetle is severely wounded.
The liquid fire burns you!
You hit the bombardier beetle but do no damage.
The bombardier beetle is severely wounded.
The liquid fire burns you!
The bombardier beetle closely misses you.
You hit the bombardier beetle.
You kill the bombardier beetle!
The liquid fire burns you!
* * * LOW HITPOINT WARNING * * *
Your Dodging skill increases to level 1!
You shake off some of the fire as you move.
The liquid fire burns you!
You die...

#..........# ##.....(...###
######......###
##...>...#### ..
#.....#....# ...
#.#......#.#
#..###.#....#.#.##
..##...#.#....#....# # ..
#..@.###.#..#.#### #. ..
###.........#....# ...
..###.........#.#..#.# ....
...................#.#
..... #.##............#.#.#
......#.##..........###...#
........##..........# #####
......##.......÷.÷..# .....
#.?##.........#


There were no monsters in sight!

Vanquished Creatures
  A bombardier beetle (D:3)
  Jessica (D:2)
  3 adders (D:2)
  2 dart slugs (D:2)
  3 orcs
  5 endoplasms
  5 giant cockroaches
  4 goblins (D:1)
  6 hobgoblins
  2 quokkas (D:1)
  3 ball pythons (D:1)
  11 bats
  2 frilled lizards (D:1)
  5 kobolds
  15 rats
68 creatures vanquished.

Notes
Turn   | Place    | Note
-------+----------+-------------------------------------------
     0 | D:1      | AdnanSaban the Gargoyle Fighter began the quest for the
                  | Orb.
     0 | D:1      | Reached XP level 1. HP: 14/14 MP: 1/1
   100 | D:1      | Reached XP level 2. HP: 19/19 MP: 2/2
   408 | D:1      | Reached XP level 3. HP: 20/23 MP: 3/3
   833 | D:1      | Found a faded altar of an unknown god.
  1209 | D:2      | Reached XP level 4. HP: 26/28 MP: 4/4
  1489 | D:3      | Noticed ongoing's ghost (weakling DEFE)
  1489 | D:3      | Found a runed translucent door.
  1586 | D:3      | Noticed Jessica
  1727 | D:2      | Killed Jessica
  1728 | D:2      | Reached XP level 5. HP: 18/33 MP: 5/5
  1810 | D:3      | Reached skill level 1 in Dodging
  1810 | D:3      | Incinerated by a bombardier beetle

Illustrated notes

Levels and vault maps discovered:
D:1:      dpeg_arrival_windows_large_door, layout_loops_ring,
          ebering_ecumenical_altar_rust
D:2:      layout_loops_ring
D:3:      layout_rooms, ebering_ghost_sewer_d, minmay_misc_feat_columns,
          uniq_jessica

Skill      XL: |  1  2  3  4  5 |
---------------+----------------+-----
Maces & Flails | 3 |  3.7
Dodging        | 1 |  1.4
Fighting       | |  3.7
Armour         | |  3.9
Stealth        | |  0.3
Shields        | |  3.9

Action                     |  1- 3 |  4- 6 || total
---------------------------+-------+-------++-------
  Melee: Flail             |   152 |    66 ||   218
 Armour: Scale mail        |   102 |    59 ||   161
  Dodge: Dodged            |    85 |    38 ||   123
  Block: Buckler           |    46 |    18 ||    64

Table legend: (Time is in decaauts)
 A = Elapsed time spent in this place.
 B = Non-inter-level travel time spent in this place.
 C = Inter-level travel time spent in this place.
 D = Time resting spent in this place.
 E = Time spent auto-exploring this place.
 F = Levels seen in this place.
 G = Mean time per level.
                   A        B        C        D        E       F      G
               +--------+--------+--------+--------+--------+-----+--------+
         Total |   1880 |   1831 |     49 |    147 |   1162 |   3 |  626.7 |
       Dungeon |   1880 |   1831 |     49 |    147 |   1162 |   3 |  626.7 |
               +--------+--------+--------+--------+--------+-----+--------+

Top non-repeatable levels by time:
     D:1: 908 daAuts
     D:2: 813 daAuts
     D:3: 158 daAuts
